 Dungeon Sprint DCSS version 0.29.1-12-g30fa7ad0bf (webtiles) character file.

Game seed: 8813508091433503372

21124 Groucho the Imperceptible (level 12, -9/72 HPs)
             Began as a Spriggan Berserker on Jan 8, 2023.
             Was a High Priest of Trog.
             Mangled by the 27-headed Lernaean hydra (14 damage)
             ... in the Dungeon (Sprint I: "Red Sonja").
             The game lasted 00:16:00 (3536 turns).

Groucho the Imperceptible (Spriggan Berserker)      Turns: 3536, Time: 00:16:01

Health: -9/72      AC:  4    Str: 19    XL:     12   Next: 51%
Magic:  13/13      EV: 34    Int:  5    God:    Trog [*****.]
Gold:   1661       SH:  0    Dex: 20    Spells: 11/11 levels left

rFire   + . .      SeeInvis +   l - +8 quick blade (flame)
rCold   + . .      Faith    .   (no shield)
rNeg    . . .      Spirit   .   c - +2 robe
rPois   +          Reflect  .   (helmet restricted)
rElec   .          Harm     .   v - scarf {rC+ rF+}
rCorr   .          Rampage  .   (gloves unavailable)
Will    ++...      NoTele   +   (boots unavailable)
Stlth   ++++++++++              (no amulet)
HPRegen 0.22/turn               n - ring "Wehejoh" {rPois Str+6 Int-3 Stlth+}
MPRegen 0.13/turn               o - ring of flight

@: flying, very quick
A: very small, no large weapons, unfitting armour, see invisible, speed 3
a: Renounce Religion, Berserk, Trog's Hand, Brothers in Arms


You were in the Dungeon.
You worshipped Trog.
Trog was extremely pleased with you.
You visited 1 branch You collected 2785 gold pieces.
You spent 1124 gold pieces at shops.

Inventory:

Hand Weapons
 l - a +8 quick blade of flaming (weapon)
 u - a +5 vorpal rapier
 w - the +3 rapier "Hydra's Nightmare" {vorpal, rElec rF+++ rCorr Dex-4}
   (You found it in the Dungeon)

   It inflicts extra damage upon your enemies.
   Dex:       It affects your dexterity (-4).
   rF:        It renders you almost immune to fire.
   rElec:     It insulates you from electricity.
   rCorr:     It protects you from acid and corrosion.
Armour
 c - a +2 robe (worn)
 v - a scarf of resistance (worn)
 C - the +0 cloak "Qorer" {rPois rC+ Stlth+}
   (You found it in the Dungeon)

   rC:        It protects you from cold.
   rPois:     It protects you from poison.
   Stlth:     It makes you more stealthy.
Jewellery
 a - a ring of protection from fire
 n - the ring "Wehejoh" (left hand) {rPois Str+6 Int-3 Stlth+}
   (You bought it in a shop in the Dungeon)

   [ring of strength]

   Str:       It affects your strength (+6).
   Int:       It affects your intelligence (-3).
   rPois:     It protects you from poison.
   Stlth:     It makes you more stealthy.
 o - a ring of flight (right hand)
 p - an amulet of faith
Wands
 b - a wand of paralysis (3)
 i - a wand of polymorph (8)
 x - a wand of iceblast (4)
Scrolls
 h - a scroll of torment {unknown}
 k - 3 scrolls of identify {unknown}
 m - a scroll of magic mapping {unknown}
 r - a scroll of vulnerability {unknown}
 t - a scroll of brand weapon {unknown}
 y - a scroll of blinking
 z - a scroll of amnesia {unknown}
Potions
 d - 2 potions of heal wounds
 e - 2 potions of haste
 f - 2 potions of magic
 g - 2 potions of berserk rage
 j - a potion of ambrosia
 q - 3 potions of curing
 s - a potion of mutation {unknown}
 A - a potion of brilliance {unknown}
 B - a potion of might {unknown}


   Skills:
 + Level 12.6 Fighting
 * Level 21.7 Short Blades
 + Level 18.8 Dodging
 - Level 24.5 Stealth


You had 11 spell levels left.
You didn't know any spells.
Your spell library was empty.

Dungeon Overview and Level Annotations

Branches:
Dungeon (1/1)

Altars:
Cheibriados
Dithmenos
Elyvilon
Fedhas
Gozag
Hepliaklqana
Kikubaaqudgha
Makhleb
Nemelex Xobeh
Okawaru
Qazlal
Ru
Sif Muna
Trog
Uskayaw
Vehumet
Wu Jian
Xom
Yredelemnul
Zin
The Shining One
Jiyva
Lugonu

Shops:
D [**!=(=([([==[=[::

Annotations:
D Lernaean hydra


Innate Abilities, Weirdness & Mutations

You are very small and have problems with some larger weapons.
You are too small for most types of armour.
You have supernaturally acute eyesight. (SInv)
You cover ground extremely quickly. (Speed+++)


Message History

Unknown command.
You see here a hornet corpse.
You see here a +7 double sword.
You see here a +3 spear.
You see here a +0 morningstar.
Found 27 gold pieces.
Found 27 gold pieces.
There is an open door here.
Found 54 gold pieces.
Found 54 gold pieces.
Found 54 gold pieces.
The 27-headed Lernaean hydra comes into view.
Found 27 gold pieces.
There is an open door here.
Found 54 gold pieces.
Found 54 gold pieces.
The 27-headed Lernaean hydra completely misses you.
The 27-headed Lernaean hydra misses you.
The 27-headed Lernaean hydra barely misses you.
The 27-headed Lernaean hydra misses you.
The 27-headed Lernaean hydra bites you!
The 27-headed Lernaean hydra completely misses you.
The 27-headed Lernaean hydra bites you!
The 27-headed Lernaean hydra barely misses you.
The 27-headed Lernaean hydra bites you!
The 27-headed Lernaean hydra closely misses you.
The 27-headed Lernaean hydra completely misses you.
The 27-headed Lernaean hydra bites you!
* * * LOW HITPOINT WARNING * * *
The 27-headed Lernaean hydra bites you.
* * * LOW HITPOINT WARNING * * *
The 27-headed Lernaean hydra bites you!
* * * LOW HITPOINT WARNING * * *
The 27-headed Lernaean hydra barely misses you.
The 27-headed Lernaean hydra bites you.
* * * LOW HITPOINT WARNING * * *
The 27-headed Lernaean hydra completely misses you.
The 27-headed Lernaean hydra misses you.
The 27-headed Lernaean hydra bites you!
You die...

###.#.≈..#......§.....#
#.###..#............#
#.# +..##..........##
####'# ##'##..........#
##....#
#~~~##........##
)..#### #~~~~##.().).##
)### #~~~~~######## ##
##~~~~#~~~~~#°.☼
#'~~~'~@D°°○.☼☼
#$$$##~~#~~~~°#~~~ #$$$
######'### #$$$ ≈≈≈ ###
≈≈≈≈≈ ~~~~~~ $$$$~~
######


You could see the 27-headed Lernaean hydra.

Vanquished Creatures
  A golden dragon (D)
  A shadow dragon (D)
  2 fire giants (D)
  A mummy priest (D)
  2 centaur warriors (D)
  Sonja (D)
  A deep troll (D)
  A lindwurm (D)
  2 oklob plants (D)
  A merfolk siren (D)
  A gargoyle (D)
  7 unseen horrors (D)
  2 kobold demonologists (D)
  3 hornets (D)
  A slime creature (D)
  Sigmund (D)
  A yak (D)
  13 hogs (D)
  2 redbacks (D)
  2 floating eyes (D)
  An ogre (D)
  6 necrophages (D)
  4 jellies (D)
  Ijyb (D)
58 creatures vanquished.

Vanquished Creatures (collateral kills)
  2 fire giants (D)
  A deep elf annihilator (D)
  A hydra (D)
  A merfolk siren (D)
  A gargoyle (D)
  4 demonic crawlers (D)
  A hellwing (D)
  2 hornets (D)
  A floating eye (D)
  A necrophage (D)
  4 jellies (D)
19 creatures vanquished.

Vanquished Creatures (others)
  2 ballistomycete spores (D)
2 creatures vanquished.

Grand Total: 79 creatures vanquished

Notes
Turn   | Place    | Note
-------+----------+-------------------------------------------
     0 | D        | Groucho the Spriggan Berserker began the quest for the Orb.
     0 | D        | Reached XP level 1. HP: 11/11 MP: 2/2
     2 | D        | Noticed Ijyb
    13 | D        | Killed Ijyb
    14 | D        | Reached skill level 9 in Stealth
    14 | D        | Reached XP level 2. HP: 16/16 MP: 3/3
    47 | D        | Noticed an ogre
    49 | D        | Killed an ogre
    50 | D        | Reached skill level 13 in Stealth
    50 | D        | Reached XP level 3. HP: 19/19 MP: 4/4
    50 | D        | Reached XP level 4. HP: 23/23 MP: 5/5
    63 | D        | Noticed Sigmund
    65 | D        | Killed Sigmund
    65 | D        | Reached ** piety under Trog
    66 | D        | Reached skill level 18 in Stealth
    66 | D        | Reached XP level 5. HP: 27/27 MP: 6/6
    77 | D        | Found a shimmering blue altar of Sif Muna.
    78 | D        | Found an ornate altar of the Wu Jian Council.
    79 | D        | Found a radiant altar of Vehumet.
    86 | D        | Reached XP level 6. HP: 32/32 MP: 7/7
    97 | D        | Found Fuetemainn's General Store.
    97 | D        | Found an ancient bone altar of Kikubaaqudgha.
    97 | D        | Found a hazy altar of Hepliaklqana.
    97 | D        | Found a stormy altar of Qazlal.
    97 | D        | Found a hide-covered altar of Uskayaw.
    97 | D        | Found a blossoming altar of Fedhas.
    97 | D        | Found a bloodstained altar of Trog.
    97 | D        | Found an iron altar of Okawaru.
    97 | D        | Found a basalt altar of Yredelemnul.
    97 | D        | Found a glowing golden altar of the Shining One.
    97 | D        | Found a snail-covered altar of Cheibriados.
    97 | D        | Found a sacrificial altar of Ru.
    97 | D        | Found a glowing silver altar of Zin.
    97 | D        | Found a shadowy altar of Dithmenos.
    97 | D        | Found a white marble altar of Elyvilon.
    97 | D        | Noticed a yak
   109 | D        | Killed a yak
   256 | D        | Found an opulent altar of Gozag.
   257 | D        | Found a sparkling altar of Nemelex Xobeh.
   298 | D        | Found a burning altar of Makhleb.
   298 | D        | Found a shimmering altar of Xom.
   298 | D        | Noticed a slime creature
   299 | D        | Found a viscous altar of Jiyva.
   299 | D        | Found a corrupted altar of Lugonu.
   301 | D        | Killed a slime creature
   301 | D        | Reached *** piety under Trog
   302 | D        | Reached XP level 7. HP: 38/38 MP: 8/8
   321 | D        | Noticed a centaur warrior
   321 | D        | Noticed a centaur warrior
   324 | D        | Killed a centaur warrior
   325 | D        | Reached skill level 5 in Fighting
   325 | D        | Reached skill level 10 in Short Blades
   325 | D        | Reached skill level 19 in Stealth
   325 | D        | Reached XP level 8. HP: 44/44 MP: 9/9
   325 | D        | Killed a centaur warrior
   326 | D        | Reached skill level 10 in Dodging
   333 | D        | Noticed a hornet
   336 | D        | Killed a hornet
   337 | D        | Reached skill level 20 in Stealth
   337 | D        | Reached XP level 9. HP: 49/49 MP: 10/10
   347 | D        | Noticed an oklob plant
   349 | D        | Killed an oklob plant
   349 | D        | Reached **** piety under Trog
   743 | D        | Noticed an unseen horror
   743 | D        | Noticed an unseen horror
   748 | D        | Killed an unseen horror
   750 | D        | Killed an unseen horror
   750 | D        | Reached ***** piety under Trog
   751 | D        | Reached skill level 21 in Stealth
   784 | D        | Received a gift from Trog
  1150 | D        | Found Wig Xel's Distillery.
  1150 | D        | Found Semo's General Store.
  1150 | D        | Found Waoraor's Jewellery Boutique.
  1152 | D        | Found Roklos's Weapon Emporium.
  1152 | D        | Found Firch's Jewellery Shop.
  1152 | D        | Found Giuhec's Weapon Shoppe.
  1152 | D        | Found Iweo's Antique Armour Boutique.
  1152 | D        | Found Gasyi's Antique Weapon Emporium.
  1152 | D        | Found Wikinyph's Antique Armour Shop.
  1152 | D        | Found Iluf's Jewellery Shoppe.
  1156 | D        | Found Utheru's Jewellery Boutique.
  1157 | D        | Found Carual's Jewellery Emporium.
  1157 | D        | Found Kazavau's Antique Armour Boutique.
  1158 | D        | Found Peryevumo's Book Emporium.
  1165 | D        | Bought the ring "Wehejoh" {rPois Str+6 Int-3 Stlth+} for
                  | 437 gold pieces
  1172 | D        | Bought a ring of flight for 245 gold pieces
  1225 | D        | Noticed a deep troll
  1227 | D        | Killed a deep troll
  1228 | D        | Reached skill level 15 in Short Blades
  1228 | D        | Reached XP level 10. HP: 57/57 MP: 11/11
  1241 | D        | Found Mowigot's Armour Emporium.
  1253 | D        | Noticed Sonja
  1256 | D        | Killed Sonja
  1321 | D        | Found Ketehec's Armour Boutique.
  1364 | D        | Received a gift from Trog
  1365 | D        | Reached skill level 22 in Stealth
  1381 | D        | Noticed a gargoyle
  1383 | D        | Killed a gargoyle
  1425 | D        | Noticed a lindwurm
  1428 | D        | Killed a lindwurm
  1460 | D        | Received a gift from Trog
  1463 | D        | Reached XP level 11. HP: 63/63 MP: 12/12
  1464 | D        | Reached skill level 23 in Stealth
  1497 | D        | Reached skill level 15 in Dodging
  1541 | D        | Reached skill level 10 in Fighting
  1579 | D        | Received a gift from Trog
  1845 | D        | Noticed a 12-headed hydra
  1857 | D        | Killed a 13-headed hydra
  2353 | D        | Bought a ring of protection from fire for 250 gold pieces
  2375 | D        | Bought a runed scarf for 192 gold pieces
  2510 | D        | Noticed a shadow dragon
  2510 | D        | Noticed a golden dragon
  2514 | D        | Killed a shadow dragon
  2516 | D        | Killed a golden dragon
  2517 | D        | Reached skill level 24 in Stealth
  2517 | D        | Identified the +3 rapier "Hydra's Nightmare" {vorpal, rElec
                  | rF+++ rCorr Dex-4}
  2578 | D        | Found Cuqemias's Book Shoppe.
  2638 | D        | Noticed a daeva
  2817 | D        | Noticed a fire giant
  2820 | D        | Noticed a fire giant
  2821 | D        | Noticed a fire giant
  2821 | D        | Noticed a fire giant
  2829 | D        | Killed a fire giant
  2832 | D        | Killed a fire giant
  2833 | D        | Reached XP level 12. HP: 27/70 MP: 13/13
  2863 | D        | Killed a fire giant
  2863 | D        | Received a gift from Trog
  3186 | D        | Killed a fire giant
  3292 | D        | Noticed a deep elf annihilator
  3316 | D        | Received a gift from Trog
  3321 | D        | Noticed a mummy priest
  3340 | D        | Killed a deep elf annihilator
  3498 | D        | Killed a mummy priest
  3507 | D        | Identified the +0 cloak "Qorer" {rPois rC+ Stlth+}
  3533 | D        | Noticed the 27-headed Lernaean hydra
  3536 | D        | Mangled by the 27-headed Lernaean hydra

Illustrated notes

Levels and vault maps discovered:
D:        dungeon_sprint_1 [red_sonja_temple_1, red_sonja_temple_small_1]

Skill      XL: |  1  2  3  4  5  6  7  8  9 10 11 12 |
---------------+-------------------------------------+-----
Stealth        | 9 13 18 19 20 21 22 24 | 24.5
Short Blades   | 4 8 10 12 15 17 20 21 | 21.7
Fighting       | 4 5 6 8 9 11 12 | 12.6
Dodging        | 7 9 10 13 14 17 18 | 18.8

Action                   |  1- 3 |  4- 6 |  7- 9 | 10-12 || total
-------------------------+-------+-------+-------+-------++-------
Melee: Short sword       |     6 |    14 |    63 |   149 ||   232
       Punch             |       |     1 |       |     2 ||     3
       Rapier            |       |       |       |    19 ||    19
       Quick blade       |       |       |       |    42 ||    42
Invok: Berserk           |     1 |     1 |     2 |     3 ||     7
       Trog's Hand       |       |       |     3 |     5 ||     8
       Brothers in Arms  |       |       |     1 |     8 ||     9
  Use: Scroll            |       |       |     1 |     2 ||     3
       Potion            |       |       |     1 |     1 ||     2
 Stab: Sleeping          |     1 |     3 |    13 |    17 ||    34
       Distracted        |       |       |       |     3 ||     3
Armor: Animal skin       |       |       |     3 |       ||     3
       Robe              |       |       |       |     2 ||     2
Dodge: Dodged            |     2 |     6 |    40 |   115 ||   163
